 Dungeon Crawl Stone Soup version 0.24.0-123-gd5b16e6ec5 (webtiles) character file.

Game seed: 2090735057296297822, levelgen mode: deterministic

5086 night the Martial Artist (level 10, -3/64 HPs)
             Began as a Tengu Transmuter on Feb 7, 2020.
             Was a Follower of Nemelex Xobeh.
             Slain by a deep elf sorcerer
             ... wielding a +0 long sword
              (8 damage)
             ... on level 1 of the Abyss.
             The game lasted 00:34:22 (9069 turns).

night the Martial Artist (Tengu Transmuter)         Turns: 9069, Time: 00:34:24

Health: -3/64      AC:  7    Str: 10 (11) XL:     10   Next: 57%
Magic:  0/14       EV: 15    Int: 19 (20) God:    Nemelex Xobeh [*.....]
Gold:   445        SH:  0    Dex: 14 (16) Spells: 3/13 levels left

rFire    + . .     SeeInvis .     - Unarmed
rCold    + . .     Gourm    .   (no shield)
rNeg     . . .     Faith    .   S - +2 leather armour {rPois}
rPois    +         Spirit   +   B - +2 hat
rElec    +         Reflect  .   H - scarf {Spirit}
rCorr    +         Harm     .   (no gloves)
MR       +....                  (boots unavailable)
Stlth    +.........             (no amulet)
HPRegen  0.60/turn              y - ring of protection from magic
MPRegen  0.14/turn              M - +5 ring of intelligence

@: about to teleport, resistant, flying quickly and evasively, quick
A: beak, claws 1, talons 3, regeneration 1, subdued magic 1, able to fly, sturdy
frame 1
a: Stop Flying, Draw Escape, Draw Destruction, Draw Summoning, Renounce Religion


You were on level 1 of the Abyss.
You worshipped Nemelex Xobeh.
Nemelex Xobeh was aware of your devotion.
You were not hungry.

You visited 2 branches of the dungeon, and saw 10 of its levels.
You visited the Abyss 1 time.

You collected 445 gold pieces.

Inventory:

Hand Weapons
 b - a +1 hunting sling
Missiles
 a - 80 arrows
 h - 372 stones (quivered)
 i - 122 sling bullets
 m - 111 bolts
 t - 7 javelins
 J - 8 boomerangs
Armour
 e - a +0 cloak
 p - a +0 robe
 w - a +0 cloak
 z - a +0 leather armour
 A - a +0 buckler
 B - a +2 hat (worn)
 D - a +2 robe of magic resistance
 H - a scarf of spirit shield (worn)
 Q - +0 steam dragon scales
 S - a +2 leather armour of poison resistance (worn)
Jewellery
 q - a cursed ring of see invisible
 s - an uncursed ring of protection from cold
 y - a ring of protection from magic (left claw)
 M - a +5 ring of intelligence (right claw)
Wands
 k - a wand of paralysis (6)
 o - a wand of flame (22)
 x - a wand of disintegration (10)
Scrolls
 c - 2 scrolls of fear
 g - 2 scrolls of immolation
 j - 7 scrolls of teleportation
 l - 5 scrolls of identify
 n - a scroll of enchant weapon
 E - a scroll of magic mapping {unknown}
 F - a scroll of brand weapon {unknown}
 G - a scroll of remove curse {unknown}
 L - a scroll of fog
 N - a scroll of amnesia {unknown}
Potions
 f - 3 potions of curing
 r - a potion of heal wounds
 u - 2 potions of resistance
 v - 2 potions of flight
 C - a potion of degeneration
 I - 2 potions of lignification {unknown}
 K - a potion of berserk rage
 P - a potion of ambrosia {unknown}
 R - a potion of agility {unknown}
Comestibles
 d - 19 rations


   Skills:
 + Level 8.3 Fighting
 - Level 2.1 Dodging
 + Level 9.6 Unarmed Combat
 - Level 2.0 Spellcasting
 + Level 7.1 Transmutations
 + Level 4.9 Invocations


You had 3 spell levels left.
You knew the following spells:

 Your Spells              Type           Power        Failure   Level  Hunger
a - Beastly Appendage     Tmut           ###...       1%          1    #......
b - Sticks to Snakes      Tmut           ###.....     1%          2    ###....
c - Spider Form           Tmut/Pois      ##........   11%         3    ###....
d - Ice Form              Ice/Tmut       ##......     34%         4    #####..

Your spell library contained the following spells:

 Spells                   Type           Power        Failure   Level  Hunger
 Stone Arrow              Conj/Erth      #.....       43%         3    ###....
 Blade Hands              Tmut           ###.......   22%         5    ######.
 Petrify                  Tmut/Erth      ##......     34%         4    #####..
 Irradiate                Conj/Tmut      ##........   71%         5    ######.
 Hydra Form               Tmut           ###.......   80%         6    #######


Dungeon Overview and Level Annotations

Branches:
Dungeon (9/15)             Temple (1/1) D:6
   Lair: D:8-11         Orc: D:9-12

Altars:
Ashenzari
Cheibriados
Dithmenos
Elyvilon
Fedhas
Gozag
Hepliaklqana
Kikubaaqudgha
Makhleb
Nemelex Xobeh
Okawaru
Qazlal
Ru
Sif Muna
Trog
Uskayaw
Vehumet
Wu Jian
Xom
Yredelemnul
Zin
The Shining One

Annotations:
D:9 Erolcha


Innate Abilities, Weirdness & Mutations

You have a beak for a mouth.
You have claws for feet.
You can fly continuously.
You have sharp fingernails.
Your natural rate of healing is unusually fast.
Your spells are a little easier to cast, but a little less powerful.
Your movements are slightly less encumbered by armour. (ER -2)


Message History

You miss the deep elf sorcerer.
The deep elf sorcerer hits you with a +0 long sword.
The raiju bursts into living lightning!
The living lightning hits the raiju.
The raiju completely resists.
The living lightning hits you. You resist. The living lightning hits you!
You resist.
The living lightning hits the raiju.
The raiju completely resists.
The raiju blinks! x4
The raiju bursts into living lightning!
The living lightning hits you! You resist.
* * * LOW HITPOINT WARNING * * *
The living lightning misses you.
The raiju blinks! x2
As you read the scroll of fear, it crumbles to dust.
You assume a fearsome visage.
The deep elf sorcerer resists with almost no effort.
The raiju looks frightened! x2; The wyvern looks frightened!
The deep elf sorcerer hits you with a +0 long sword!
* * * LOW HITPOINT WARNING * * *
The deep elf sorcerer hits you with a +0 long sword!
You die...
Your body disappears without a glow.

##.....##
. #
..#....∩.#
. .
#.......#
. .
##.#....#
##......#
..# ....
.#.#.### #
##e..# #
#@# # #h#
.# ##h #
##


You could see a deep elf sorcerer and 2 raiju.

Vanquished Creatures
  Pikel (D:6)
  A frost giant skeleton (Abyss:1)
  Joseph (D:9)
  An orange demon (Abyss:1)
  A troll (D:7)
  4 hogs (D:7)
  Eustachio (D:4)
  A human (D:7)
  A steam dragon (D:7)
  A water moccasin (D:8)
  A sky beast (D:7)
  A slave (D:6)
  A hornet zombie (D:6)
  2 necrophages (D:8)
  A black bear (D:7)
  2 phantoms
  A wolf (D:7)
  An ogre (D:8)
  A crocodile (D:8)
  3 bullfrogs
  A gnoll sergeant (D:7)
  A scorpion (D:7)
  2 howler monkeys
  A crimson imp (D:7)
  A centaur zombie (D:7)
  3 hounds
  A bullfrog zombie (D:5)
  3 jellies
  Crazy Yiuf (D:3)
  4 orc priests
  A gnoll shaman (D:7)
  11 orc wizards
  Ijyb (D:3)
  Terence (D:3)
  2 iguanas
  3 worker ants
  2 hound skeletons (D:5)
  A worker ant zombie (D:6)
  Robin (D:3)
  10 gnolls
  A howler monkey skeleton (D:5)
  5 adders
  2 adder skeletons
  2 worms
  2 dart slugs (D:1)
  8 leopard geckos
  25 orcs
  5 bats
  A bat zombie (D:6)
  5 giant cockroaches
  16 goblins
  9 hobgoblins
  6 jackals
  3 quokkas
  2 ball pythons
  8 frilled lizards
  A jackal zombie (D:6)
  9 kobolds
  A leopard gecko skeleton (D:6)
  A quokka zombie (D:5)
  9 rats
  3 rat zombies (D:6)
  A spectral orc (D:8)
  2 fungi (D:3)
205 creatures vanquished.

Vanquished Creatures (others)
  An orc wizard (D:7)
  A gnoll (D:7)
  A quokka (D:8)
3 creatures vanquished.

Grand Total: 208 creatures vanquished

Notes
Turn   | Place    | Note
-------+----------+-------------------------------------------
     0 | D:1      | night the Tengu Transmuter began the quest for the Orb.
     0 | D:1      | Reached XP level 1. HP: 12/12 MP: 4/4
   388 | D:1      | Reached XP level 2. HP: 16/16 MP: 6/6
   395 | D:1      | Learned a level 2 spell: Sticks to Snakes
   894 | D:1      | Reached XP level 3. HP: 18/21 MP: 7/7
  1644 | D:2      | Gained mutation: Your movements are slightly less
                  | encumbered by armour. (ER -2) [potion of mutation]
  1644 | D:2      | Gained mutation: Your spells are a little easier to cast,
                  | but a little less powerful. [potion of mutation]
  1644 | D:2      | Gained mutation: Your natural rate of healing is unusually
                  | fast. [potion of mutation]
  1644 | D:2      | Gained mutation: You have sharp fingernails. [potion of
                  | mutation]
  1648 | D:2      | Reached skill level 4 in Unarmed Combat
  1731 | D:2      | Learned a level 3 spell: Spider Form
  1873 | D:2      | Reached XP level 4. HP: 26/26 MP: 8/8
  2244 | D:2      | Found a burning altar of Makhleb.
  2463 | D:3      | Noticed Terence
  2602 | D:3      | Noticed Ijyb
  2762 | D:3      | Gained mutation: You can fly continuously. [Tengu growth]
  2762 | D:3      | Reached XP level 5. HP: 32/32 MP: 5/9
  2862 | D:3      | Noticed Robin
  2913 | D:3      | Killed Robin
  3137 | D:3      | Killed Terence
  3137 | D:3      | Reached XP level 6. HP: 37/37 MP: 7/10
  3237 | D:3      | Found a bloodstained altar of Trog.
  3360 | D:3      | Killed Ijyb
  3360 | D:3      | Reached skill level 5 in Unarmed Combat
  3497 | D:3      | Found a runed translucent door.
  3498 | D:3      | Noticed Crazy Yiuf
  3511 | D:3      | Killed Crazy Yiuf
  3964 | D:4      | Noticed Eustachio
  4020 | D:4      | Killed Eustachio
  4020 | D:4      | Reached XP level 7. HP: 10/43 MP: 8/11
  4420 | D:4      | Found a shimmering blue altar of Sif Muna.
  4573 | D:5      | Entered Level 5 of the Dungeon
  4753 | D:5      | You are sucked into a shaft and drop 1 floor!
  4775 | D:6      | Reached skill level 6 in Unarmed Combat
  4949 | D:6      | Found a staircase to the Ecumenical Temple.
  4953 | D:6      | Noticed Pikel
  4980 | D:6      | Killed Pikel
  4980 | D:6      | Reached skill level 5 in Fighting
  4980 | D:6      | Reached XP level 8. HP: 12/50 MP: 4/12
  5011 | Temple   | Entered the Ecumenical Temple
  5062 | Temple   | Became a worshipper of Nemelex Xobeh the Trickster
  5243 | D:6      | Found an iron altar of Okawaru.
  5285 | D:6      | Learned a level 4 spell: Ice Form
  5327 | D:6      | Reached skill level 7 in Unarmed Combat
  5327 | D:6      | Reached skill level 5 in Transmutations
  5534 | D:6      | Received a gift from Nemelex Xobeh
  5929 | D:6      | Found an ancient bone altar of Kikubaaqudgha.
  6105 | D:6      | Found a snail-covered altar of Cheibriados.
  6220 | D:5      | Found a hazy altar of Hepliaklqana.
  6376 | D:5      | Reached * piety under Nemelex Xobeh
  6860 | D:7      | Identified the Tome of Transformation and Stones
  6937 | D:7      | Reached skill level 1 in Invocations
  6937 | D:7      | Reached XP level 9. HP: 38/56 MP: 9/13
  7065 | D:7      | Received a gift from Nemelex Xobeh
  7084 | D:7      | Reached skill level 8 in Unarmed Combat
  7478 | D:7      | Found a blossoming altar of Fedhas.
  7506 | D:7      | Noticed a troll
  7508 | D:7      | Killed a troll
  7841 | D:7      | Reached XP level 10. HP: 43/63 MP: 11/14
  7935 | D:8      | Reached skill level 9 in Unarmed Combat
  8065 | D:8      | Found a white marble altar of Elyvilon.
  8497 | D:8      | Found a hide-covered altar of Uskayaw.
  8573 | D:8      | Found a basalt altar of Yredelemnul.
  8726 | D:9      | Noticed Joseph
  8752 | D:9      | Killed Joseph
  8917 | D:9      | Noticed Erolcha
  8936 | D:9      | Cast into level 1 of the Abyss (Erolcha)
  8936 | Abyss:1  | Found a corrupted altar of Lugonu.
  8950 | Abyss:1  | Noticed an orange demon
  8983 | Abyss:1  | Killed an orange demon
  9027 | Abyss:1  | Noticed a deep elf sorcerer
  9069 | Abyss:1  | Slain by a deep elf sorcerer

Levels and vault maps discovered:
D:1:      minmay_arrival_stone_box, layout_basic, minivault_11
D:2:      layout_basic, makhleb_heckhound_becter, first_ration
D:3:      layout_rooms, lemuel_crystal_altar, uniq_robin, uniq_ijyb,
          uniq_terence, uniq_crazy_yiuf_cottage
D:4:      layout_loops_ring, led_sif_pool, uniq_eustachio
D:5:      layout_basic, overflow_temple_1_default
D:6:      layout_gridville, lemuel_zombie_altar_kikubaaqudgha,
          nicolae_overflow_hidden_temple, kennysheep_little_box,
          minmay_temple_entry_large_hall, mrwooster_statue_mirror, uniq_pikel
D:7:      layout_loops_cross, fedhas_altar_1, grunt_livestock
D:8:      layout_basic, yredelemnul_forgotten_temple_becter,
          eat_drink_and_be_merry_uskayaw, elyvilon_altar_5, serial_bayou_pond_e
D:9:      layout_loops_cross, dpeg_lair_monsters, uniq_joseph, uniq_erolcha
Temple:   minmay_temple_curvy_loop
Abyss:1:  base:
D:14

Skill      XL: |  1  2  3  4  5  6  7  8  9 10 |
---------------+-------------------------------+-----
Transmutations | 2 3 4 5 6 7 |  7.1
Fighting       | 2 3 4 5 6 7 8 |  8.3
Unarmed Combat | 4 5 6 7 8 9 |  9.6
Invocations    | 1 3 4 |  4.9
Dodging        | |  2.1
Spellcasting   | |  2.0

Action                   |  1- 3 |  4- 6 |  7- 9 | 10-12 || total
-------------------------+-------+-------+-------+-------++-------
Melee: Unarmed           |   111 |   194 |   275 |   126 ||   706
       Peck              |    13 |    24 |    22 |    18 ||    77
       Kick              |    16 |    38 |    30 |    24 ||   108
       Punch             |       |     1 |     4 |     2 ||     7
 Fire: Hunting sling     |     3 |    17 |    35 |       ||    55
 Cast: Spider Form       |       |     5 |    17 |     5 ||    27
       Sticks to Snakes  |       |       |       |     4 ||     4
 Abil: Fly               |       |     1 |       |       ||     1
       Draw Destruction  |       |       |     9 |     2 ||    11
       Draw Summoning    |       |       |       |     1 ||     1
Evoke: Wand              |       |     4 |     3 |     7 ||    14
  Use: Potion            |     3 |     1 |       |     5 ||     9
       Scroll            |       |       |     6 |     2 ||     8
 Stab: Sleeping          |     5 |       |     1 |     2 ||     8
       Paralysed         |       |     6 |       |     4 ||    10
  Eat: Chunk             |     3 |     7 |    12 |     4 ||    26
       Ration            |       |       |     1 |       ||     1
Armor: Robe              |    20 |    21 |    26 |     8 ||    75
       Skin              |       |     1 |     8 |       ||     9
       Leather armour    |       |       |     3 |     4 ||     7
       Steam dragon scal |       |       |       |     8 ||     8
Dodge: Dodged            |    49 |   118 |   183 |    82 ||   432
